AoeStats
← rubeolay

Arabia

508105508Analyzed
3v3 RM · 10d ago on Sep 20, 2026· 52m 9s· 6 players
Game mode
Random Map
Map size
Normal (6 player)
Population
200
Speed
Normal
Resources
Standard
Victory
Conquest
Starting age
Dark Age
Ending age
Imperial Age
RankedLock teamsTeams togetherTeam positionsShared explorationLock speedFull tech treeHidden civsTurbo modeCheats
Victory
Defeat
🇲🇽 Armenians · Mexico
1056
+13
🇺🇸 Slavs · United States
1002
+15
🇨🇱 Wei · Chile
1000
+15
🇩🇪 Ethiopians · Germany
1078
-17
🇨🇴 Hindustanis · Colombia
988
-15
🇨🇭 Spanish · Switzerland
886
-11
rubeolay
12:25 Feudal Age
12:44 Loom
21:37 Castle Age
21:42 Pikeman
21:56 Light Cavalry
23:20 Squires
25:10 Scale Barding Armor
25:53 Stone Mining
25:51 Horse Collar
27:38 Husbandry
27:49 Bloodlines
28:22 Wheelbarrow
29:00 Forging
28:52 Double-Bit Axe
30:32 Gold Mining
34:41 Iron Casting
34:27 Chain Barding Armor
33:59 Fletching
39:20 Bow Saw
40:18 Bodkin Arrow
43:38 Imperial Age
41:27 Hand Cart
41:00 Town Watch
44:47 Gold Shaft Mining
44:01 Cavalier
44:27 Capped Ram
48:09 Blast Furnace
48:10 Plate Barding Armor
DrJorgexx
5:30 Loom
9:33 Feudal Age
9:33 Man-at-Arms
10:14 Long Swordsman
13:12 Arson
17:08 Scale Mail Armor
17:32 Horse Collar
18:55 Padded Archer Armor
19:50 Double-Bit Axe
20:47 Fletching
23:49 Forging
27:06 Castle Age
25:58 Gold Mining
26:00 Stone Mining
27:16 Two-Handed Swordsman
27:42 Gambesons
27:36 Crossbowman
28:43 Squires
29:22 Iron Casting
32:35 Gold Shaft Mining
34:23 Bow Saw
35:02 Wheelbarrow
34:13 Town Watch
36:29 Elite Skirmisher
37:27 Leather Archer Armor
39:53 Imperial Age
37:39 Champion
38:32 Heavy Plow
39:46 Hand Cart
40:58 Conscription
40:48 Fereters
41:02 Chain Mail Armor
43:14 Plate Mail Armor
44:10 Blast Furnace
44:15 Bodkin Arrow
49:38 Bracer
50:09 Ring Archer Armor
49:10 Elite Composite Bowman
rodrigolbs
6:56 Loom
9:20 Feudal Age
11:09 Double-Bit Axe
13:47 Bloodlines
17:07 Scale Barding Armor
17:13 Horse Collar
17:58 Forging
24:25 Castle Age
36:13 Bow Saw
38:28 Heavy Plow
40:01 Chain Barding Armor
43:07 Iron Casting
44:46 Gold Mining
49:05 Imperial Age
50:21 Elite Tiger Cavalry
rawiri_8
4:59 Loom
11:31 Feudal Age
12:16 Double-Bit Axe
19:53 Fletching
20:03 Padded Archer Armor
21:58 Gold Mining
25:19 Castle Age
26:14 Bodkin Arrow
26:34 Leather Archer Armor
26:33 Bloodlines
26:26 Husbandry
31:05 Crossbowman
34:24 Forging
34:19 Scale Barding Armor
36:41 Iron Casting
36:11 Scale Barding Armor
36:35 Scale Barding Armor
38:44 Bow Saw
38:15 Horse Collar
39:11 Gold Shaft Mining
38:28 Stone Mining
39:10 Squires
38:55 Arson
42:52 Imperial Age
40:45 Scale Mail Armor
41:13 Elite Skirmisher
43:56 Chain Barding Armor
44:36 Blast Furnace
45:18 Heavy Camel Rider
twitch.tv/RiZeofCRO
9:08 Loom
11:38 Feudal Age
17:12 Castle Age
25:54 Scale Barding Armor
25:59 Forging
26:07 Horse Collar
26:51 Double-Bit Axe
30:39 Wheelbarrow
31:04 Husbandry
31:17 Bloodlines
33:48 Heavy Plow
34:38 Chain Barding Armor
34:53 Iron Casting
38:00 Hand Cart
37:31 Town Watch
43:12 Imperial Age
40:46 Fletching
40:56 Padded Archer Armor
41:21 Ballistics
43:17 Cavalier
44:37 Plate Barding Armor
45:02 Blast Furnace
46:11 Paladin
49:00 Paladin
49:40 Paladin
Ice_And_Fire
7:54 Loom
10:29 Feudal Age
10:54 Horse Collar
11:02 Double-Bit Axe
11:10 Gold Mining
12:52 Fletching
17:18 Padded Archer Armor
20:18 Forging
24:33 Castle Age
23:22 Scale Mail Armor
24:31 Wheelbarrow
25:14 Crossbowman
26:10 Heavy Plow
29:58 Stone Mining
30:25 Thumb Ring
32:55 Stone Shaft Mining
46:10 Bodkin Arrow
Connection lost

Rejoining the realm…

Still unreachable

The connection could not be restored.

Session expired

The server has moved on; the page needs a fresh start.